 Dungeon Crawl Stone Soup version 0.30-a0-311-gf115ab0292 (webtiles) character file.

Game seed: 12756625568393902358

4345 Sobieck the Thaumaturge (level 10, -4/67 HPs)
             Began as a Mummy Summoner on Oct 25, 2022.
             Was a Believer of Kikubaaqudgha.
             Slain by a centaur warrior (12 damage)
             ... on level 9 of the Dungeon.
             The game lasted 00:32:30 (9949 turns).

Sobieck the Thaumaturge (Mummy Summoner)            Turns: 9949, Time: 00:32:31

Health: -4/67      AC:  8    Str: 12    XL:     10   Next: 12%
Magic:  17/24      EV: 15    Int: 27    God:    Kikubaaqudgha [**....]
Gold:   438        SH:  5    Dex: 13    Spells: 9/29 levels left

rFire   x . .      SeeInvis .    a - +2 whip (venom) {mace}
rCold   + . .      Faith    +    (no shield)
rNeg    + + +      Spirit   .    k - +1 leather armour of the Trees {Int+3}
rPois   ∞          Reflect  +    (no helmet)
rElec   .          Harm     .    h - +2 cloak
rCorr   .          Rampage  .    (no gloves)
Will    +....                    W - +0 pair of boots
Stlth   ++........               J - amulet of reflection
HPRegen 0.31/turn                q - +6 ring of intelligence
MPRegen 0.19/turn                Q - +4 ring of evasion

@: no status effects
A: cold resistance 1, negative energy resistance 3, torment resistance 2, heat
vulnerability 1, in touch with death 1, no potions, faith
a: Renounce Religion, Unearth Wretches


You were on level 9 of the Dungeon.
You worshipped Kikubaaqudgha.
Kikubaaqudgha was pleased with you.
You visited 2 branches of the dungeon, and saw 10 of its levels.
You also visited: Ossuary.

You collected 613 gold pieces.
You spent 175 gold pieces at shops.


Innate Abilities, Weirdness & Mutations

You are immune to poison.
Your flesh is cold resistant. (rC+)
You are immune to negative energy. (rN+++)
You are immune to unholy pain and torment.
You are vulnerable to heat. (rF-)
You are in touch with the powers of death.
You do not drink.
You have a special connection with the divine. (Faith)


   Skills:
 + Level 2.2 Fighting
 + Level 0.5 Armour
 + Level 1.8 Dodging
 + Level 1.8 Stealth
 + Level 10.1 Spellcasting
 - Level 5.0 Hexes
 - Level 8.0 Summonings
 + Level 5.1 Necromancy
 - Level 2.0 Evocations


You had 9 spell levels left.
You knew the following spells:

 Your Spells              Type           Power      Damage    Failure   Level
a - Call Canine Familiar  Summ           54%        N/A       1%          3
b - Summon Guardian Gole  Hex/Summ       48%        N/A       1%          3
c - Call Imp              Summ           54%        N/A       1%          2
d - Summon Small Mammal   Summ           100%       N/A       1%          1
e - Vampiric Draining     Necr           58%        2d10      1%          3
f - Anguish               Hex/Necr       28%        N/A       7%          4
g - Animate Dead          Necr           58%        N/A       6%          4

Your spell library contained the following spells:

 Spells                   Type           Power      Damage    Failure   Level
 Necrotise                Necr           100%       1d9       1%          1
 Ensorcelled Hibernation  Hex/Ice        54%        N/A       3%          2
 Cigotuvi's Dreadful Rot  Necr/Pois/Air  68%        N/A       4%          2
 Dispel Undead            Necr           58%        3d21      6%          4
 Blink                    Tloc           26%        N/A       9%          2
 Momentum Strike          Conj/Tloc      26%        3d8       9%          2
 Static Discharge         Conj/Air       26%        2-4/arc   9%          2
 Summon Lightning Spire   Summ/Air       35%        N/A       11%         4
 Lesser Beckoning         Tloc           26%        N/A       16%         3
 Vhi's Electric Charge    Tloc/Air       26%        N/A       16%         3
 Death Channel            Necr           29%        N/A       69%         6
 Arcjolt                  Conj/Air       6%         1d16      83%         5
 Lightning Bolt           Conj/Air       6%         1d18      83%         5
 Spider Form              Tmut/Pois      Unusable   N/A       N/A         3

Inventory:

Hand Weapons
 a - a +2 whip of venom (weapon) {mace}
   (You found it on level 5 of the Dungeon)
 b - a +0 club {mace}
   (You took it off a kobold on level 1 of the Dungeon)
 c - a +0 dagger {short}
   (You took it off a goblin on level 1 of the Dungeon)
 e - a +1 short sword of speed {short}
   (You took it off a kobold on level 7 of the Dungeon)
 r - a +2 long sword of protection {long}
   (You found it on level 3 of the Dungeon)
Missiles
 d - 85 stones {throwing}
 z - a curare-tipped dart {=fthrowing}
 B - 4 boomerangs {throwing}
 D - 7 poisoned darts {throwing}
Armour
 h - a +2 cloak (worn)
   (You found it on level 8 of the Dungeon)
 k - the +1 leather armour of the Trees (worn) {Int+3}
   (You found it on level 2 of the Dungeon)

   Int:       It affects your intelligence (+3).
 o - a +0 leather armour
   (You found it on level 2 of the Dungeon)
 s - a +0 ring mail
   (You found it on level 4 of the Dungeon)
 t - a +0 leather armour
   (You found it on level 4 of the Dungeon)
 u - a +0 leather armour
   (You took it off Eustachio on level 4 of the Dungeon)
 v - a +0 ring mail
   (You took it off an orc on level 8 of the Dungeon)
 A - a +0 leather armour of cold resistance
   (You took it off an orc on level 4 of the Dungeon)
 C - a +0 robe
   (You took it off an orc wizard on level 4 of the Dungeon)
 E - a +0 leather armour
   (You took it off an orc on level 4 of the Dungeon)
 F - a +0 scale mail
   (You took it off an orc on level 5 of the Dungeon)
 G - a +0 robe
 I - a +0 ring mail
   (You found it on level 5 of the Dungeon)
 L - a +0 chain mail
   (You took it off an orc warrior on level 5 of the Dungeon)
 N - a +0 chain mail
   (You found it on level 5 of the Dungeon)
 O - a +0 robe
   (You found it on level 6 of the Dungeon)
 P - a +0 ring mail
   (You found it on level 6 of the Dungeon)
 S - a +0 ring mail
   (You found it on level 6 of the Dungeon)
 T - a +0 robe
   (You found it on level 6 of the Dungeon)
 U - a +0 plate armour
   (You found it on level 6 of the Dungeon)
 V - a +0 leather armour
   (You took it off an orc on level 7 of the Dungeon)
 W - a +0 pair of boots (worn)
   (You found it on level 7 of the Dungeon)
 X - a +0 robe
   (You found it on level 7 of the Dungeon)
 Y - a +0 chain mail
   (You took it off an orc warrior on level 7 of the Dungeon)
 Z - a +0 leather armour
   (You took it off an orc on level 7 of the Dungeon)
Jewellery
 g - a ring of positive energy
   (You found it on level 1 of the Dungeon)
 m - an amulet of guardian spirit
   (You found it on level 2 of the Dungeon)
 q - a +6 ring of intelligence (left hand)
   (You bought it in a shop on level 2 of the Dungeon)
 J - an amulet of reflection (around neck)
   (You found it on level 5 of the Dungeon)
 Q - a +4 ring of evasion (right hand)
   (You found it on level 6 of the Dungeon)
Wands
 j - a wand of mindburst (21)
   (You found it on level 2 of the Dungeon)
 x - a wand of digging (7)
   (You found it on level 7 of the Dungeon)
Scrolls
 f - 3 scrolls of amnesia
 i - 2 scrolls of immolation {!r!r}
 l - a scroll of summoning
 n - a scroll of vulnerability {!r!r}
 p - a scroll of enchant armour {unknown}
 w - 3 scrolls of poison
 y - 2 scrolls of fear {unknown}
 H - 5 scrolls of teleportation {@r4}
 K - 4 scrolls of enchant weapon
 M - a scroll of fog {unknown}
 R - 2 scrolls of magic mapping {!r}

Dungeon Overview and Level Annotations

Branches:
Dungeon (9/15) Zot: 26630  Temple (1/1) D:5 Zot: 5979 Ossuary (visited)
   Lair: D:8-11         Orc: D:9-12

Altars:
Ashenzari
Cheibriados
Dithmenos
Kikubaaqudgha
Makhleb
Qazlal
Sif Muna
Trog
Vehumet
Yredelemnul

Shops:
D:2 (*!(   D:5 :   D:6 *

Annotations:
D:4 1 runed translucent door, Crazy Yiuf
D:9 Joseph

#... #.......#.......#
#.......#.......##
#+####.......#........#
.............#........#
.............'....)...#
.............#........#
....######...#...######
....#....#...#####....
.. #.@<.#............
... #c☼..#....########
.....#'####....#
......°...ZZ....#
>.....#######...#
....@. #...# .....
#...# ....# #...# ....
###.#


You could see Joseph and a centaur warrior (extremely poisoned).


Message History

Unknown command.
Casting: Summon Guardian Golem (safe; 1% risk of failure)
Confirm with . or Enter, or press ? or * to list all spells.
A beastly little devil appears in a puff of flame.
The centaur warrior shoots an arrow.
The arrow hits your guardian golem.
The centaur warrior shoots an arrow.
The arrow hits your guardian golem!!
Your guardian golem overheats!
Casting: Call Imp (safe; 1% risk of failure)
Confirm with . or Enter, or press ? or * to list all spells.
The centaur warrior unwields a +0 longbow.
The centaur warrior hits your guardian golem.
Flame seeps out of your guardian golem.
The centaur warrior kicks your guardian golem but does no damage.
Your guardian golem is engulfed in blazing flames.
Flame seeps out of your guardian golem.
Casting: Summon Small Mammal (safe; 1% risk of failure)
Confirm with . or Enter, or press ? or * to list all spells.
The centaur warrior wields a +0 longbow.
The centaur warrior shoots an arrow.
The arrow hits your guardian golem!! Flame seeps out of your guardian golem.
Your guardian golem is engulfed in blazing flames.
Your guardian golem disappears in a puff of smoke!
The fiery explosion engulfs the centaur warrior!!
The fiery explosion engulfs your wolf! The fiery explosion engulfs your bat!!
Your bat dies!
Your bat's corpse disappears in a puff of smoke!
You hear a shout!
The centaur warrior is engulfed in blazing flames.
The centaur warrior shoots an arrow.
The arrow hits you!
The centaur warrior is engulfed in blazing flames.
Your wolf misses the centaur warrior.
The centaur warrior unwields a +0 longbow.
The centaur warrior hits your crimson imp.
The centaur warrior kicks your crimson imp.
Your wolf bites the centaur warrior.
Your crimson imp hits the centaur warrior.
Unknown command.
The centaur warrior hits your wolf.
The centaur warrior kicks your wolf but does no damage.
Your wolf bites the centaur warrior!
The centaur warrior closely misses your wolf.
The centaur warrior kicks your wolf.
Your crimson imp hits the centaur warrior.
Unknown command.
Your wolf barely misses the centaur warrior.
The centaur warrior hits your wolf.
The centaur warrior kicks your wolf but does no damage.
Your wolf barely misses the centaur warrior.
Your crimson imp closely misses the centaur warrior.
Unknown command.
Your wolf bites the centaur warrior but does no damage.
The centaur warrior hits your wolf but does no damage.
The centaur warrior kicks your wolf.
Your wolf barely misses the centaur warrior.
The centaur warrior hits your wolf!
Your wolf dies!
Your wolf's corpse disappears in a puff of smoke!
Your crimson imp hits the centaur warrior.
Unknown command.
The centaur warrior hits your crimson imp!
Your crimson imp dies!
Your crimson imp disappears in a puff of smoke!
Your quokka bites the centaur warrior but does no damage.
Unknown command.
The centaur warrior hits your quokka. The centaur warrior kicks your quokka.
Your quokka bites the centaur warrior but does no damage.
The centaur warrior hits your quokka!
Your quokka dies!
Your quokka's corpse disappears in a puff of smoke!
The centaur warrior shouts!
Unknown command.
The centaur warrior wields a +0 longbow.
The centaur warrior shoots an arrow.
The arrow barely misses you.
The centaur warrior unwields a +0 longbow.
The centaur warrior hits you.
The centaur warrior kicks you but does no damage.
Joseph, a Mercenary comes into view.
He is wielding a +0 quarterstaff.
You hit the centaur warrior.
The centaur warrior is poisoned.
The centaur warrior hits you. The centaur warrior kicks you.
The centaur warrior hits you! The centaur warrior kicks you.
* * * LOW HITPOINT WARNING * * *
Unknown command.
You hit the centaur warrior but do no damage.
The centaur warrior looks as sick as possible!
The centaur warrior hits you.
* * * LOW HITPOINT WARNING * * *
The centaur warrior kicks you.
* * * LOW HITPOINT WARNING * * *
Unknown command.
The centaur warrior attacks as you move away!
The centaur warrior hits you but does no damage.
The centaur warrior barely misses you.
The centaur warrior wields a +0 longbow.
The centaur warrior shoots an arrow.
The arrow hits you!!
* * * LOW HITPOINT WARNING * * *
The centaur warrior attacks as you move away!
The centaur warrior unwields a +0 longbow.
The centaur warrior hits you!
You die...
Kikubaaqudgha rasps: "You have failed me!
Welcome... oblivion!"

Skill      XL: |  1  2  3  4  5  6  7  8  9 10 |
---------------+-------------------------------+-----
Spellcasting   | 3 4 5 6 7 8 10 | 10.1
Summonings     | 4 5 6 8 |  8.0
Fighting       | 1 2 |  2.2
Evocations     | 1 2 |  2.0
Hexes          | 1 2 4 5 |  5.0
Necromancy     | 4 5 |  5.1
Armour         | |  0.5
Dodging        | |  1.8
Stealth        | |  1.8

Action                   |  1- 3 |  4- 6 |  7- 9 | 10-12 || total
-------------------------+-------+-------+-------+-------++-------
Melee: Dagger            |   128 |    31 |       |       ||   159
       Unarmed           |     1 |       |       |       ||     1
       Punch             |     1 |     3 |     2 |       ||     6
       Long sword        |       |    85 |    15 |       ||   100
       Whip              |       |       |    85 |    16 ||   101
 Cast: Summon Small Mamm |    47 |    37 |    41 |     4 ||   129
       Call Imp          |    13 |    16 |    24 |     2 ||    55
       Call Canine Famil |       |     6 |    29 |     5 ||    40
       Summon Guardian G |       |       |    26 |     5 ||    31
       Animate Dead      |       |       |     2 |     2 ||     4
       Anguish           |       |       |       |     2 ||     2
  Use: Scroll            |       |     4 |     4 |     1 ||     9
 Stab: Sleeping          |     4 |     3 |       |       ||     7
       Distracted        |     1 |     2 |     1 |     1 ||     5
Armor: Robe              |    32 |       |       |       ||    32
       Leather armour    |     8 |    65 |    39 |     3 ||   115
Dodge: Dodged            |    99 |   100 |    98 |    18 ||   315
Block: Other             |       |       |    22 |     7 ||    29
       Reflection        |       |       |     2 |       ||     2

Levels and vault maps discovered:
D:1:      minmay_arrival_plants_in_alcoves, layout_loops_cross,
          shapermc_ecumenical_altar_ellora
D:2:      minmay_wonky_spiral, layout_rooms, serial_shops,
          nicolae_shop_hallway_plus, nicolae_shop_hallway_plus,
          nicolae_shop_waterfront, shop
D:3:      layout_rooms, old_standard_altar, amcnicky_altar_gilded,
          mainiacjoe_overflow_24_doors
D:4:      layout_loops_ring, serial_co_window_serial, co_window_paths_a,
          co_window_of_opportunity_a, co_window_paths_a, co_window_paths_a,
          co_window_paths_a, co_window_unsneaky_path_c, co_window_cross_2,
          co_window_of_opportunity_b, co_window_2corner,
          co_window_of_opportunity_b, co_window_4corner_a, glass_columns_a,
          glass_columns_b, minmay_strange_pillars, uniq_crazy_yiuf_cottage,
          uniq_eustachio, uniq_ijyb
D:5:      old_forge, layout_cave_pods, jmf_multi_god_temple,
          minmay_temple_entry_mist, serial_shops, shop,
          minmay_chambers_of_fives, uniq_prince_ribbit1
D:6:      layout_basic, grunt_temple_overflow_open,
          amcnicky_mini_corridor_feature, nicolae_good_shop, uniq_sigmund
D:7:      layout_rooms, minmay_misc_feat_hallway, serial_park_tiny_2
D:8:      layout_basic, gup_ossuary_entry_pyramid
D:9:      layout_irregular_city, worldfamousw_hep_ancestral_shrine, uniq_grum,
          uniq_joseph
Temple:   nicolae_temple_superstar

Notes
Turn   | Place    | Note
-------+----------+-------------------------------------------
     0 | D:1      | Sobieck the Mummy Summoner began the quest for the Orb.
     0 | D:1      | Reached XP level 1. HP: 13/13 MP: 4/4
   140 | D:1      | Reached skill level 3 in Spellcasting
   255 | D:1      | Reached XP level 2. HP: 19/19 MP: 4/6
   392 | D:1      | Found a faded altar of an unknown god.
   574 | D:1      | Learned a level 2 spell: Call Imp
   830 | D:1      | Gained mutation: You are in touch with the powers of death.
                  | [Mummy growth]
   830 | D:1      | Reached XP level 3. HP: 14/24 MP: 2/8
   907 | D:1      | Learned a level 3 spell: Call Canine Familiar
  1046 | D:2      | Found Loor Vag's Antique Weapon Emporium.
  1224 | D:2      | Reached skill level 4 in Spellcasting
  1346 | D:2      | HP: 6/24 [hobgoblin (2)]
  1350 | D:2      | Reached skill level 4 in Summonings
  1547 | D:2      | Identified the +1 leather armour of the Trees {Int+3}
  1574 | D:2      | You pick up a book of Decay and begin reading...
  1574 | D:2      | You add the spells Cigotuvi's Dreadful Rot, Dispel Undead
                  | and Death Channel to your library.
  1587 | D:2      | Found Desesch's Assorted Antiques.
  1592 | D:2      | Bought a scroll labelled UFOIKO HIEGRE for 25 gold pieces
  1592 | D:2      | Bought a scroll labelled EGOYLI EGHEJUA for 25 gold pieces
  1604 | D:2      | Found Dudgh's Distillery.
  1724 | D:2      | Found Quops's Antique Weapon Emporium.
  1774 | D:2      | Reached XP level 4. HP: 26/30 MP: 6/10
  2454 | D:2      | Bought a runed tourmaline ring for 125 gold pieces
  2485 | D:3      | Found a burning altar of Makhleb.
  2663 | D:3      | Found a snail-covered altar of Cheibriados.
  2685 | D:3      | You fall into a shaft and drop 2 floors!
  2685 | D:5      | Entered Level 5 of the Dungeon
  2688 | D:5      | Noticed a scorpion
  2695 | D:5      | Killed a scorpion
  2696 | D:5      | Reached skill level 5 in Spellcasting
  2696 | D:5      | Reached XP level 5. HP: 31/35 MP: 6/12
  2696 | D:5      | Noticed a black bear
  2967 | D:4      | Noticed Eustachio
  2992 | D:4      | Killed Eustachio
  2993 | D:4      | Reached skill level 6 in Spellcasting
  2993 | D:4      | Reached skill level 5 in Summonings
  2993 | D:4      | Reached XP level 6. HP: 26/42 MP: 8/15
  2997 | D:4      | Learned a level 3 spell: Summon Guardian Golem
  3064 | D:4      | Noticed Ijyb
  3123 | D:4      | HP: 8/42 [Ijyb/+0 club (3)]
  3128 | D:4      | HP: 9/42 [disintegration (1)]
  3128 | D:4      | HP: 4/42 [disintegration (5)]
  3129 | D:4      | Killed Ijyb
  3647 | D:4      | Reached skill level 1 in Fighting
  3756 | D:3      | Found a bloodstained altar of Trog.
  3909 | D:3      | Reached skill level 1 in Evocations
  4593 | D:4      | Reached skill level 1 in Hexes
  4608 | D:4      | Reached XP level 7. HP: 20/48 MP: 2/16
  5017 | D:4      | Found a runed translucent door.
  5018 | D:4      | Noticed Crazy Yiuf
  5342 | D:5      | Reached skill level 2 in Fighting
  5356 | D:5      | Reached skill level 2 in Hexes
  5356 | D:5      | Reached skill level 2 in Evocations
  5471 | D:5      | Reached skill level 7 in Spellcasting
  5510 | D:5      | Reached XP level 8. HP: 56/56 MP: 7/18
  5729 | D:5      | Reached skill level 3 in Hexes
  5729 | D:5      | Reached skill level 6 in Summonings
  5921 | D:5      | Found Doitrica's Book Shoppe.
  6052 | D:5      | Noticed Prince Ribbit
  6053 | D:5      | Reached skill level 8 in Spellcasting
  6062 | D:5      | Killed Prince Ribbit
  6063 | D:5      | Reached skill level 4 in Hexes
  6150 | D:5      | Found a shadowy altar of Dithmenos.
  6571 | D:5      | Reached XP level 9. HP: 43/61 MP: 17/21
  6763 | D:5      | Found a staircase to the Ecumenical Temple.
  6770 | Temple   | Entered the Ecumenical Temple
  6783 | Temple   | Became a worshipper of Kikubaaqudgha
  6920 | D:6      | Noticed Sigmund
  6948 | D:6      | Killed Sigmund
  6949 | D:6      | Reached skill level 9 in Spellcasting
  6949 | D:6      | Reached skill level 7 in Summonings
  7068 | D:6      | Found a basalt altar of Yredelemnul.
  7077 | D:6      | Found a stormy altar of Qazlal.
  7118 | D:6      | You pick up a book of Dreams and begin reading...
  7118 | D:6      | You add the spells Ensorcelled Hibernation and Anguish to
                  | your library.
  7293 | D:6      | Found Miaf's Hallowed Reliquary.
  7293 | D:6      | Noticed an angel
  7598 | D:6      | Reached skill level 5 in Hexes
  7832 | D:7      | You pick up a book of Spatial Translocations and begin
                  | reading...
  7832 | D:7      | You add the spells Blink, Momentum Strike and Lesser
                  | Beckoning to your library.
  8005 | D:7      | Reached * piety under Kikubaaqudgha
  8005 | D:7      | You add the spells Necrotise, Vampiric Draining and Animate
                  | Dead to your library.
  8005 | D:7      | Received a gift from Kikubaaqudgha
  8152 | D:7      | Reached skill level 1 in Necromancy
  8156 | D:7      | Reached skill level 10 in Spellcasting
  8161 | D:7      | Reached skill level 2 in Necromancy
  8296 | D:7      | Reached skill level 3 in Necromancy
  8509 | D:7      | Reached skill level 8 in Summonings
  8587 | D:7      | Reached skill level 4 in Necromancy
  8682 | D:7      | Learned a level 3 spell: Vampiric Draining
  8687 | D:7      | Learned a level 4 spell: Anguish
  8692 | D:7      | Learned a level 4 spell: Animate Dead
  8733 | D:7      | HP: 15/61 [steam dragon (1)]
  8937 | D:8      | Found a sand-covered staircase.
  8948 | Ossuary  | Entered an ossuary
  8965 | Ossuary  | Reached XP level 10. HP: 58/67 MP: 11/24
  8966 | Ossuary  | Reached ** piety under Kikubaaqudgha
  8977 | Ossuary  | Reached skill level 5 in Necromancy
  9280 | D:8      | You pick up a book of Lightning and begin reading...
  9280 | D:8      | You add the spells Static Discharge, Vhi's Electric Charge,
                  | Lightning Bolt and Arcjolt to your library.
  9791 | D:9      | Noticed a centaur warrior
  9945 | D:9      | Noticed Joseph
  9948 | D:9      | HP: 8/67 [centaur warrior/arrow (19)]
  9949 | D:9      | Slain by a centaur warrior

Vanquished Creatures
  An orc warrior (D:7)
  A black bear (D:5)
  A bullfrog (D:8)
  4 scorpions (D:5)
  A howler monkey (D:5)
  A jelly (D:4)
  A mummy (Ossuary)
  5 adders
  An ufetubus (D:4)
  A dart slug (D:3)
  A worm (D:4)
  6 orcs
  A ball python (D:3)
  11 bats
  6 endoplasms
  2 giant cockroaches
  5 hobgoblins
  5 quokkas
  A frilled lizard (D:1)
  6 goblins
  2 hobgoblin zombies (Ossuary)
  7 kobolds
  An orc zombie (Ossuary)
  3 rats
74 creatures vanquished.

Vanquished Creatures (collateral kills)
  Prince Ribbit (D:5)
  2 yaks (D:7)
  Eustachio (D:4)
  A steam dragon (D:7)
  An orc warrior (D:5)
  4 black bears
  2 centaurs
  2 elf zombies (Ossuary)
  A kobold brigand (D:7)
  2 bullfrogs (D:7)
  A necrophage (D:5)
  4 scorpions
  3 wights (D:7)
  3 howler monkeys
  An orc priest (D:4)
  A hound (D:3)
  Ijyb (D:4)
  2 iguanas
  2 orc wizards (D:4)
  A hound zombie (Ossuary)
  4 mummies
  8 adders
  5 white imps
  2 ufetubi
  An adder zombie (Ossuary)
  A worm (D:2)
  A dart slug (D:5)
  10 orcs
  A ball python (D:1)
  An endoplasm (D:1)
  2 goblins
  3 hobgoblins
  4 jackals (D:2)
  4 quokkas
  6 bats
  A goblin zombie (Ossuary)
  A hobgoblin zombie (Ossuary)
  2 jackal zombies (Ossuary)
  8 kobolds
  7 rats
  A rat zombie (Ossuary)
109 creatures vanquished.

Vanquished Creatures (others)
  A hornet (D:9)
  Sigmund (D:6)
  2 yaks (D:7)
  An orc warrior (D:7)
  An ogre (D:5)
  A centaur (D:5)
  A scorpion (D:5)
  A centaur zombie (D:9)
  A kobold (D:7)
  22 fungi
  A plant (D:1)
33 creatures vanquished.

Grand Total: 216 creatures vanquished

Table legend:
 A = Non-vault XP
 B = Vault XP
 C = Vault XP percentage of total XP
 D = Non-vault monster count
 E = Vault monster count
 F = Vault count percentage of total count
                 A         B        C        D         E       F
            +---------+---------+-------+---------+---------+-------
      Total |    4244 |    1964 |  31.6 |     147 |      44 |  23.0
            +---------+---------+-------+---------+---------+-------
        D:1 |      45 |       0 |   0.0 |      29 |       0 |   0.0
        D:2 |      79 |       4 |   4.8 |      26 |       2 |   7.1
        D:3 |      78 |       0 |   0.0 |      14 |       0 |   0.0
        D:4 |     258 |     245 |  48.7 |      20 |       3 |  13.0
        D:5 |    1115 |    1179 |  51.4 |      19 |      21 |  52.5
        D:6 |     262 |     223 |  46.0 |       6 |       1 |  14.3
        D:7 |    1808 |       0 |   0.0 |      26 |       0 |   0.0
        D:8 |     216 |      18 |   7.7 |       5 |       1 |  16.7
        D:9 |     383 |       0 |   0.0 |       2 |       0 |   0.0
    Ossuary |       0 |     295 | 100.0 |       0 |      16 | 100.0
            +---------+---------+-------+---------+---------+-------

Illustrated notes

Table legend:
 A = Kills in this place as a percentage of kills in entire the game.
 B = Kills by you in this place as a percentage of kills by you in the entire game.
 C = Kills by friends in this place as a percentage of kills by friends in the entire game.
 D = Other kills in this place as a percentage of other kills in the entire game.
 E = Experience gained in this place as a percentage of experience gained in the entire game.
 F = Experience gained in this place divided by the number of levels of this place that you have seen.
                   A       B       C       D       E      F
               +-------+-------+-------+-------+-------+----------------------
         Total | 100.0 | 100.0 | 100.0 | 100.0 | 100.0 | 564.4
       Dungeon |  91.6 |  94.6 |  89.0 | 100.0 |  95.2 | 657.0
       Ossuary |   8.4 |   5.4 |  11.0 |   0.0 |   4.8 | 295.0
               +-------+-------+-------+-------+-------+----------------------

Table legend: (Time is in decaauts)
 A = Elapsed time spent in this place.
 B = Non-inter-level travel time spent in this place.
 C = Inter-level travel time spent in this place.
 D = Time resting spent in this place.
 E = Time spent auto-exploring this place.
 F = Levels seen in this place.
 G = Mean time per level.
                   A        B        C        D        E       F      G
               +--------+--------+--------+--------+--------+-----+--------+
         Total |  10002 |   9717 |    285 |    964 |   6348 |  11 |  909.3 |
       Dungeon |   9772 |   9494 |    278 |    964 |   6270 |   9 | 1085.8 |
        Temple |     20 |     13 |      7 |      0 |      2 |   1 |   20.0 |
       Ossuary |    209 |    209 |      0 |      0 |     76 |   1 |  209.0 |
               +--------+--------+--------+--------+--------+-----+--------+

Top non-repeatable levels by time:
     D:4: 1927 daAuts
     D:5: 1827 daAuts
     D:2: 1265 daAuts
     D:7: 1133 daAuts
     D:1: 1045 daAuts
     D:3: 870 daAuts
     D:6: 841 daAuts
     D:8: 619 daAuts
     D:9: 241 daAuts
 Ossuary: 209 daAuts
  Temple: 20 daAuts
